 Dungeon Crawl Stone Soup version 0.26-b1-32-g5d43845318 (webtiles) character file.

Game seed: 5970184340522468641

107217 Borgoz the Warrior (level 16, 0/149 HPs)
             Began as a Ghoul Gladiator on Jan 13, 2021.
             Was the Champion of Okawaru.
             Slain by an orc warlord
             ... wielding a +2 vampiric war axe
              (28 damage)
             ... on level 1 of the Orcish Mines.
             The game lasted 00:50:33 (27865 turns).

Borgoz the Warrior (Ghoul Gladiator)               Turns: 27865, Time: 00:50:33

Health: 0/149      AC: 24    Str: 25    XL:     16   Next: 46%
Magic:  0/19       EV: 24    Int: 10    God:    Okawaru [******]
Gold:   2143       SH:  6    Dex: 18    Spells: 18/21 levels left

rFire    + + .     SeeInvis +   f - +5 flail of Putrescence {vamp, rF++ Int+3}
rCold    + + .     Faith    .   y - +0 buckler {AC+3}
rNeg     + + +     Spirit   +   x - +5 scale mail of Past Mistakes {Regen+ Str+2}
rPois    ∞         Reflect  .   H - +1 helmet of Midwinter {rPois Will- rCorr Dex+4}
rElec    .         Harm     .   I - +1 cloak "Guidulev" {Int+4}
rCorr    +         Rampage  .   n - +0 pair of gloves
Will     .....                  M - +0 pair of boots of Decompression {+Fly rCorr Str+2 SInv}
Stlth    ..........             j - amulet of guardian spirit
HPRegen  0.00/turn              p - ring of protection from cold
MPRegen  0.16/turn              b - +4 ring of evasion

@: no status effects
A: claws 1, cold resistance 1, negative energy resistance 3, inhibited
regeneration, torment resistance, unbreathing
a: Renounce Religion, Evoke Flight, Heroism, Finesse


You were on level 1 of the Orcish Mines.
You worshipped Okawaru.
Okawaru was exalted by your worship.
You visited 4 branches of the dungeon, and saw 24 of its levels.
You also visited: Gauntlet and Ice Cave.

You collected 3772 gold pieces.
You spent 1629 gold pieces at shops.

Inventory:

Hand Weapons
 f - the +5 flail of Putrescence (weapon) {vamp, rF++ Int+3}
   (You found it on level 4 of the Dungeon)

   It inflicts no extra harm, but heals its wielder when it wounds a living foe.
   It affects your intelligence (+3).
   It greatly protects you from fire.
 v - a +4 eveningstar of protection
 A - the cursed +1 trident "Hefituw" {flame, rF+}
   (You took it off a spriggan on level 15 of the Dungeon)

   It has been specially enchanted to burn those struck by it, causing extra
   injury to most foes and up to half again as much damage against particularly
   susceptible opponents.
   It protects you from fire.
   It has a curse placed upon it.
Armour
 n - a +0 pair of gloves (worn)
 x - the +5 scale mail of Past Mistakes (worn) {Regen+ Str+2}
   (You found it on level 7 of the Dungeon)

   It affects your strength (+2).
   It increases your rate of regeneration.
 y - a +0 buckler of protection (worn)
 C - a +1 pair of boots of running
 H - the +1 helmet of Midwinter (worn) {rPois Will- rCorr Dex+4}
   (Okawaru gifted it to you on level 10 of the Dungeon)

   It affects your dexterity (+4).
   It protects you from poison.
   It affects your willpower, your defense against some magical effects.
   It provides partial protection from all sources of acid and corrosion.
 I - the +1 cloak "Guidulev" (worn) {Int+4}
   (You found it in a Gauntlet)

   It affects your intelligence (+4).
 M - the +0 pair of boots of Decompression (worn) {+Fly rCorr Str+2 SInv}
   (You bought it in a shop on level 13 of the Dungeon)

   It affects your strength (+2).
   It lets you see invisible.
   It lets you fly.
   It provides partial protection from all sources of acid and corrosion.
Jewellery
 b - a +4 ring of evasion (right hand)
 c - the ring of Reirurro {MP+9 Int+7 SInv}
   (You took it off a spriggan on level 15 of the Dungeon)

   [ring of see invisible]

   It affects your intelligence (+7).
   It affects your magic capacity (+9).
   It lets you see invisible.
 j - an amulet of guardian spirit (around neck)
 p - a ring of protection from cold (left hand)
 w - an uncursed ring of flight
 G - an uncursed ring of protection from fire
 N - an uncursed ring of resist corrosion
Wands
 a - a wand of flame (21)
 q - a wand of iceblast (11)
 r - a wand of paralysis (10)
 s - a wand of digging (6)
 F - a wand of acid (23)
 R - a wand of disintegration (5)
Scrolls
 e - 7 scrolls of blinking
 g - 5 scrolls of fear
 h - 9 scrolls of remove curse
 i - 9 scrolls of teleportation
 m - a scroll of enchant weapon
 o - 4 scrolls of identify
 D - 2 scrolls of summoning
 E - 3 scrolls of enchant armour
 Q - 4 scrolls of magic mapping
Potions
 d - 3 potions of ambrosia
 k - 6 potions of resistance
 l - 2 potions of haste
 t - a potion of might
 u - 3 potions of heal wounds
 z - 5 potions of curing
 B - a potion of brilliance


   Skills:
 * Level 15.3 Fighting
 * Level 13.3 Maces & Flails
 - Level 1.7 Throwing
 * Level 9.9 Armour
 * Level 13.4 Dodging
 - Level 5.0 Shields
 + Level 3.2 Spellcasting
 + Level 3.0 Hexes
 - Level 5.0 Invocations
 - Level 5.0 Evocations


You had 18 spell levels left.
You knew the following spells:

 Your Spells              Type           Power        Failure   Level
a - Confusing Touch       Hex            7%           43%         3

Your spell library contained the following spells:

 Spells                   Type           Power        Failure   Level
 Animate Skeleton         Necr           2%           50%         1
 Freeze                   Ice            4%           50%         1
 Magic Dart               Conj           4%           50%         1
 Sting                    Tmut/Pois      4%           50%         1
 Poisonous Vapours        Pois/Air       2%           65%         2
 Searing Ray              Conj           2%           65%         2
 Dazzling Flash           Conj/Hex       8%           65%         3
 Frozen Ramparts          Ice            2%           86%         3
 Gell's Gravitas          Tloc           0%           86%         3
 Ignite Poison            Fire/Tmut/Pois 1%           86%         3
 Lesser Beckoning         Tloc           0%           86%         3
 Mephitic Cloud           Conj/Pois/Air  1%           86%         3
 Ozocubu's Armour         Ice            1%           86%         3
 Fulminant Prism          Conj/Hex       2%           96%         4
 Leda's Liquefaction      Hex/Erth       2%           96%         4
 Hailstorm                Conj/Ice       1%           99%         4
 Iskenderun's Mystic Bla  Conj/Tloc      1%           99%         4
 Olgreb's Toxic Radiance  Pois           1%           99%         4
 Petrify                  Tmut/Erth      1%           99%         4
 Summon Ice Beast         Ice/Summ       1%           99%         4
 Bolt of Magma            Conj/Fire/Erth 0%           100%        5
 Fireball                 Conj/Fire      0%           100%        5
 Iskenderun's Battlesphe  Conj           1%           100%        5
 Metabolic Englaciation   Hex/Ice        2%           100%        5
 Yara's Violent Unravell  Hex/Tmut       2%           100%        5
 Iron Shot                Conj/Erth      0%           100%        6
 Simulacrum               Ice/Necr       0%           100%        6
 Starburst                Conj/Fire      0%           100%        6
 Orb of Destruction       Conj           0%           100%        7
 Spellforged Servitor     Conj/Summ      0%           100%        7
 Ignition                 Fire           0%           100%        8
 Shatter                  Erth           0%           100%        9
 Sublimation of Blood     Necr           Unusable     N/A         2
 Statue Form              Tmut/Erth      Unusable     N/A         6

Dungeon Overview and Level Annotations

Branches:
Dungeon (15/15)            Temple (1/1) D:5            Lair (6/6) D:11
  Swamp (0/4) Lair:3       Spider (0/4) Lair:4        Slime (0/5) Lair:6
    Orc (2/2) D:12         Vaults (0/5) D:13         Depths (0/5) D:15
  IceCv (visited)         Gauntlet (visited)
    Elf: Orc:2

Altars:
Ashenzari
Cheibriados
Dithmenos
Elyvilon
Fedhas
Gozag
Hepliaklqana
Kikubaaqudgha
Makhleb
Nemelex Xobeh
Okawaru
Qazlal
Ru
Sif Muna
Trog
Uskayaw
Vehumet
Wu Jian
Xom
Yredelemnul
Zin
The Shining One
Jiyva
Lugonu

Shops:
D:6 [   D:10 !   D:13 *(!=:   Orc:2 [

Portals:
Abyss: Lair:1


Innate Abilities, Weirdness & Mutations

You thrive by killing the living.
You are immune to poison.
You have sharp fingernails.
Your flesh is cold resistant. (rC+)
You are immune to negative energy. (rN+++)
You do not regenerate when monsters are visible.
You are immune to unholy pain and torment.
You can survive without breathing.


Message History

The troll is severely wounded.
The troll closely misses you. The troll claws you but does no damage.
The troll barely misses you.
You sock the troll!
You feel better.
You kill the troll!
Okawaru accepts your kill.
You feel better. You block the orc warlord's attack.
You hit the orc warlord but do no damage.
The orc warlord blocks your attack.
The orc warlord hits you with a +2 vampiric war axe!
* * * LOW HITPOINT WARNING * * *
You hit the orc warlord.
You feel better.
The orc warlord is lightly wounded.
The orc warlord barely misses you. The orc warlord blocks your attack.
The orc warlord is lightly wounded.
You barely miss the orc warlord.
The orc warlord is lightly wounded.
The orc warlord hits you with a +2 vampiric war axe!!
You die...

### #.## ##### ####.#
#...# ##.#..# ##..)##
#.....## #..)<@#
#......#####...o†##
.......#.......)[[####
...##.........[.[.((.#
....#.........##.....###
...###.......####).....#
....#........# ##)..#.##
.............###)...###
..^............)))..#


You could see an orc warlord (strong).

Vanquished Creatures
  Jorgrun (D:15)
  Roxanne (D:15)
  The ghost of Borgoz the Bludgeoner, a journeyman GrFi of Ashenzari (D:15)
  Nessos (Lair:6)
  A minotaur (Gauntlet)
  A death ooze (Gauntlet)
  3 fire dragons
  4 boulder beetles
  10 hydras
  3 centaur warriors (D:13)
  4 two-headed ogres
  A dancing weapon (Orc:1)
  5 death yaks
  3 tengu warriors
  A vampire mage (D:15)
  An orc high priest (Orc:1)
  A soul eater (Gauntlet)
  Nergalle (D:12)
  Urug (Orc:1)
  Sonja (Lair:6)
  A skeletal warrior (D:15)
  An unseen horror (shapeshifter) (D:15)
  A wizard (D:13)
  A swamp dragon (Lair:6)
  2 unseen horrors
  An orange crystal statue (Gauntlet)
  2 lindwurms (Lair:6)
  2 necromancers
  Pikel (D:8)
  3 orc knights (Orc:1)
  A wolf spider (D:12)
  A stone giant zombie (D:15)
  4 deep elf magi
  8 ugly things
  4 oklob plants (Lair:6)
  4 cyclopes
  An elf zombie (D:15)
  An iron dragon skeleton (D:15)
  A manticore (D:14)
  28 elephants
  6 torpor snails (Lair:6)
  3 ice statues (IceCv)
  A black mamba (Lair:6)
  5 gargoyles
  9 cane toads
  3 rime drakes (Lair:6)
  A freezing wraith (D:15)
  8 komodo dragons
  12 ice devils
  A guardian mummy (D:15)
  2 tengu conjurers
  A spriggan zombie (D:15)
  3 polar bears
  A jumping spider (Lair:4)
  6 trolls
  Grinder (D:3)
  A jumping spider (shapeshifter) (D:15)
  3 tyrant leeches (Lair:6)
  8 blink frogs
  9 hornets
  10 dream sheep
  A slime creature (Lair:6)
  A shadow (D:15)
  8 spriggans
  5 wyverns
  53 yaks
  2 wraiths
  A water elemental (D:13)
  A yak (shapeshifter) (Gauntlet)
  6 basilisks
  A steam dragon (Lair:6)
  3 vampire mosquitoes
  2 chaos spawn (D:9)
  3 wargs (Orc:1)
  2 soldier ants
  2 acid dragons
  13 water moccasins
  3 swamp drakes (Lair:6)
  2 floating eyes (D:12)
  17 orc warriors
  A black bear (D:11)
  2 phantoms
  6 sky beasts
  A meliai simulacrum (D:13)
  An eye of draining (D:6)
  12 ogres
  4 ice beasts
  2 necrophages
  13 wolves
  12 centaurs
  3 big kobolds
  16 bullfrogs
  A gnoll sergeant (Orc:1)
  4 scorpions
  A wyvern skeleton (D:13)
  8 killer bees
  8 wights
  2 electric eels
  2 howler monkeys
  3 centaur zombies
  A wyvern simulacrum (D:13)
  2 draconian simulacra (IceCv)
  10 hounds
  5 jellies
  3 bullfrog skeletons
  2 centaur skeletons
  12 orc priests
  5 iguanas
  19 orc wizards
  5 hell rats (Lair:5)
  17 worker ants
  A troll simulacrum (IceCv)
  A bullfrog simulacrum (D:13)
  2 centaur simulacra
  3 worker ant zombies
  19 adders
  3 gnolls (D:2)
  3 naga simulacra (IceCv)
  3 ogre simulacra (IceCv)
  8 shadow imps
  4 white imps
  2 ufetubi
  An ooze (D:2)
  4 adder skeletons
  2 adder zombies (D:8)
  3 worms
  4 dart slugs
  9 leopard geckos
  67 orcs
  7 bats
  5 giant cockroaches
  5 goblins
  4 hobgoblins
  13 jackals
  6 quokkas
  2 ball pythons (D:2)
  5 frilled lizards
  31 kobolds
  6 rats
739 creatures vanquished.

Vanquished Creatures (others)
  A minotaur zombie (Gauntlet)
  A rime drake (Lair:6)
  A komodo dragon (Lair:6)
  A basilisk (Lair:6)
  An iguana (Lair:6)
  33 fungi
  A lurking horror (Lair:1)
  54 plants
  7 withered plants (D:15)
100 creatures vanquished.

Grand Total: 839 creatures vanquished

Notes
Turn   | Place    | Note
-------+----------+-------------------------------------------
     0 | D:1      | Borgoz the Ghoul Gladiator began the quest for the Orb.
     0 | D:1      | Reached XP level 1. HP: 17/17 MP: 0/0
   169 | D:1      | Reached XP level 2. HP: 22/25 MP: 1/1
  1061 | D:2      | Found a shadowy altar of Dithmenos.
  1100 | D:2      | Reached XP level 3. HP: 30/30 MP: 2/2
  1252 | D:2      | Found a shimmering blue altar of Sif Muna.
  1362 | D:2      | Found a basalt altar of Yredelemnul.
  1363 | D:2      | You fall into a shaft and drop 2 floors!
  1941 | D:3      | Reached skill level 3 in Fighting
  1941 | D:3      | Reached skill level 1 in Armour
  1941 | D:3      | Reached XP level 4. HP: 26/38 MP: 3/3
  3006 | D:3      | Reached XP level 5. HP: 28/45 MP: 2/4
  3564 | D:3      | Found a white marble altar of Elyvilon.
  3726 | D:3      | Noticed Grinder
  3749 | D:3      | Paralysed by Grinder for 7 turns
  3763 | D:3      | Killed Grinder
  3764 | D:3      | Reached skill level 4 in Fighting
  3764 | D:3      | Reached XP level 6. HP: 26/52 MP: 1/5
  3928 | D:3      | Noticed an orc warrior
  3960 | D:3      | Killed an orc warrior
  3961 | D:3      | Reached XP level 7. HP: 26/60 MP: 2/6
  4547 | D:4      | Got a jewelled flail
  4548 | D:4      | Identified the +5 flail of Putrescence {vamp, rF++ Int+3}
                  | (You found it on level 4 of the Dungeon)
  4626 | D:4      | Found a glowing silver altar of Zin.
  4626 | D:4      | Found an iron altar of Okawaru.
  4631 | D:4      | Found a broken altar of Ashenzari.
  4633 | D:4      | Found a faded altar of an unknown god.
  4635 | D:4      | Found a faded altar of an unknown god.
  4653 | D:4      | Became a worshipper of Warmaster Okawaru
  4766 | D:4      | Reached skill level 5 in Fighting
  4849 | D:4      | Reached skill level 5 in Dodging
  4893 | D:4      | Reached skill level 5 in Maces & Flails
  4919 | D:4      | Reached XP level 8. HP: 65/68 MP: 7/7
  5068 | D:4      | Found a radiant altar of Vehumet.
  5233 | D:4      | Found an ornate altar of the Wu Jian Council.
  5399 | D:5      | Entered Level 5 of the Dungeon
  5491 | D:5      | Reached * piety under Okawaru
  5933 | D:5      | Found a staircase to the Ecumenical Temple.
  6066 | Temple   | Entered the Ecumenical Temple
  6751 | D:6      | Found Udikh's Antique Armour Shoppe.
  6760 | D:6      | Bought an opal-studded ring mail for 270 gold pieces
  6760 | D:6      | Bought a pair of polished boots for 285 gold pieces
  6770 | D:6      | Identified the +4 ring mail of the Dice {Regen+ Str+3
                  | Int+4} (You bought it in a shop on level 6 of the Dungeon)
  6775 | D:6      | Identified the +0 pair of boots of the Dragon {Regen+ Str-5
                  | Int+9} (You bought it in a shop on level 6 of the Dungeon)
  6844 | D:6      | Reached skill level 6 in Fighting
  6893 | D:6      | Reached skill level 1 in Invocations
  7010 | D:6      | Found a blossoming altar of Fedhas.
  7233 | D:6      | Reached XP level 9. HP: 78/78 MP: 1/9
  7330 | D:6      | Noticed a two-headed ogre
  7335 | D:6      | Killed a two-headed ogre
  7335 | D:6      | Reached ** piety under Okawaru
  7335 | D:6      | Reached *** piety under Okawaru
  7336 | D:6      | Reached skill level 7 in Fighting
  7688 | D:7      | Got a blackened long sword
  7689 | D:7      | Identified the +2 long sword of Inquiry {vorpal, Int+6
                  | Stlth-} (You found it on level 7 of the Dungeon)
  7798 | D:7      | Got a buzzing ring mail
  7846 | D:7      | Identified the +4 ring mail of Abstinence {Int+2} (You
                  | found it on level 7 of the Dungeon)
  7946 | D:7      | Found a glowing golden altar of the Shining One.
  7967 | D:7      | Got a fine scale mail
  7978 | D:7      | Identified the +5 scale mail of Past Mistakes {Regen+
                  | Str+2} (You found it on level 7 of the Dungeon)
  8423 | D:8      | Noticed Pikel
  8438 | D:8      | Killed Pikel
  8439 | D:8      | Reached XP level 10. HP: 88/88 MP: 9/11
  8601 | D:8      | Got a brightly glowing ring mail
  8616 | D:8      | Noticed a seven-headed hydra
  8632 | D:8      | Killed a seven-headed hydra
  8633 | D:8      | Reached skill level 8 in Fighting
  8633 | D:8      | Reached skill level 1 in Shields
  8704 | D:8      | Found a hide-covered altar of Uskayaw.
  8815 | D:8      | Noticed a +0 dagger
  8815 | D:8      | Noticed a +0 dagger
  8828 | D:8      | Found a sacrificial altar of Ru.
  9071 | D:8      | Identified the cursed +0 ring mail of Sunlight {rC+} (You
                  | found it on level 8 of the Dungeon)
  9190 | D:9      | Reached **** piety under Okawaru
  9369 | D:9      | Reached skill level 5 in Armour
  9512 | D:9      | Found the +7 mace of Variability {chain chaos}
  9512 | D:9      | Found a shimmering altar of Xom.
  9522 | D:9      | Reached skill level 9 in Fighting
  9542 | D:9      | Reached ***** piety under Okawaru
  9868 | D:9      | Found a shimmering altar of Xom.
  9976 | D:9      | Reached XP level 11. HP: 97/97 MP: 13/13
 10048 | D:10     | Entered Level 10 of the Dungeon
 10427 | D:10     | Received a gift from Okawaru
 10430 | D:10     | Got a steaming helmet {god gift}
 10441 | D:10     | Identified the +1 helmet of Midwinter {rPois Will- rCorr
                  | Dex+4} (Okawaru gifted it to you on level 10 of the
                  | Dungeon)
 10474 | D:10     | Noticed a two-headed ogre
 10493 | D:10     | Killed a two-headed ogre
 10494 | D:10     | Reached skill level 5 in Invocations
 10716 | D:10     | Killed an unseen horror
 10863 | D:10     | Found Conynyve's Distillery.
 11108 | D:11     | Identified a scroll of acquirement
 11112 | D:11     | Acquired 547 gold pieces
 11216 | D:11     | Noticed a purple ugly thing
 11217 | D:11     | Noticed a seven-headed hydra
 11231 | D:11     | Killed a white ugly thing
 11245 | D:11     | Killed a seven-headed hydra
 11246 | D:11     | Reached skill level 10 in Fighting
 11311 | D:11     | Noticed a five-headed hydra
 11339 | D:11     | Killed a five-headed hydra
 11515 | D:11     | Found a staircase to the Lair.
 11555 | D:11     | Found a gate leading to a gauntlet.
 11563 | Gauntlet | Entered a Gauntlet
 11563 | Gauntlet | Found a transporter.
 11563 | Gauntlet | Noticed an orb spider
 11564 | Gauntlet | an orb spider changed into a spriggan
 11573 | Gauntlet | Found a transporter.
 11575 | Gauntlet | Found a transporter.
 11576 | Gauntlet | Found a transporter.
 11584 | Gauntlet | Found a transporter.
 11584 | Gauntlet | Noticed a death ooze
 11587 | Gauntlet | Found a transporter.
 11588 | Gauntlet | Found a transporter.
 11590 | Gauntlet | Noticed a soul eater
 11594 | Gauntlet | Found a runed translucent gate.
 11594 | Gauntlet | Found a runed translucent gate.
 11596 | Gauntlet | Found a transporter.
 11599 | Gauntlet | Found a transporter.
 11600 | Gauntlet | Found a transporter.
 11608 | Gauntlet | Found a transporter.
 11608 | Gauntlet | Found a runed translucent gate.
 11611 | Gauntlet | Found a transporter.
 11612 | Gauntlet | Found a transporter.
 11615 | Gauntlet | Noticed a death scarab
 11620 | Gauntlet | Noticed a death scarab
 11623 | Gauntlet | Found a transporter.
 11627 | Gauntlet | Noticed a spectral death yak
 11646 | Gauntlet | Noticed an orange crystal statue
 11745 | Gauntlet | Killed a death ooze
 11746 | Gauntlet | Reached XP level 12. HP: 46/107 MP: 2/14
 11903 | Gauntlet | Killed a soul eater
 11917 | Gauntlet | Identified a +1 pair of boots of running (You found it in a
                  | Gauntlet)
 11991 | Gauntlet | Got a polished cloak
 11997 | Gauntlet | Identified the +1 cloak "Guidulev" {Int+4} (You found it in
                  | a Gauntlet)
 12116 | Gauntlet | Noticed a minotaur
 12175 | Gauntlet | Identified the Volume of Orientation and Unholy Rites
 12187 | Gauntlet | Killed a minotaur
 12192 | Gauntlet | Got a scorched leather armour
 12352 | D:11     | Identified the +2 leather armour "Lirukyvote" {MP+9} (You
                  | found it in a Gauntlet)
 12673 | D:11     | Received a gift from Okawaru
 13079 | Lair:1   | Entered Level 1 of the Lair of Beasts
 13106 | Lair:1   | Reached skill level 11 in Fighting
 13224 | Lair:1   | Found a one-way gate to the infinite horrors of the Abyss.
 13225 | Lair:1   | Found a corrupted altar of Lugonu.
 13622 | Lair:1   | Reached skill level 10 in Dodging
 13914 | Lair:2   | Reached skill level 10 in Maces & Flails
 14145 | Lair:2   | Reached skill level 5 in Shields
 14231 | Lair:2   | Reached ****** piety under Okawaru
 15039 | Lair:3   | Noticed a seven-headed hydra
 15354 | Lair:3   | Noticed a five-headed hydra
 15367 | Lair:3   | Killed a five-headed hydra
 15760 | Lair:3   | Found a staircase to the Swamp.
 15992 | Lair:3   | Killed a seven-headed hydra
 15993 | Lair:3   | Reached XP level 13. HP: 101/117 MP: 10/15
 16070 | Lair:3   | Received a gift from Okawaru
 16080 | Lair:3   | Reached skill level 1 in Evocations
 16124 | Lair:3   | Reached skill level 12 in Fighting
 16296 | Lair:4   | Received a gift from Okawaru
 16596 | Lair:4   | Found a hole to the Spider Nest.
 16970 | Lair:4   | Received a gift from Okawaru
 18217 | Lair:6   | Entered Level 6 of the Lair of Beasts
 18285 | Lair:6   | Found a runed translucent door.
 18286 | Lair:6   | Found a viscous altar of Jiyva.
 18287 | Lair:6   | Noticed Nessos
 18486 | Lair:6   | Reached XP level 14. HP: 127/127 MP: 11/16
 18523 | Lair:6   | Killed Nessos
 18524 | Lair:6   | Reached skill level 13 in Fighting
 18580 | Lair:6   | Noticed Sonja
 18763 | Lair:5   | Received a gift from Okawaru
 18889 | Lair:6   | Killed Sonja
 18954 | Lair:6   | Found a staircase to the Slime Pits.
 18997 | Lair:6   | Found the +12 Vampire's Tooth {vamp}
 19403 | Lair:6   | Received a gift from Okawaru
 20147 | Lair:6   | Found a runed translucent door.
 20587 | Lair:6   | Received a gift from Okawaru
 20610 | Lair:6   | Reached skill level 14 in Fighting
 20703 | Lair:6   | Reached XP level 15. HP: 138/138 MP: 17/17
 20796 | Lair:6   | Acquired 528 gold pieces
 21190 | D:12     | Found a flagged portal.
 21316 | D:12     | Reached skill level 5 in Evocations
 21329 | D:12     | Found a staircase to the Orcish Mines.
 21430 | D:12     | Received a gift from Okawaru
 21486 | D:12     | Got a jewelled ring mail {god gift}
 21497 | D:12     | Identified the +1 ring mail of Virtue {rF- rN++} (Okawaru
                  | gifted it to you on level 12 of the Dungeon)
 21542 | D:12     | Paralysed by a floating eye for 4 turns
 21555 | D:12     | Paralysed by a floating eye for 2 turns
 21563 | D:12     | Paralysed by a floating eye for 2 turns
 21569 | D:12     | Paralysed by a floating eye for 4 turns
 21835 | D:12     | Learned a level 3 spell: Confusing Touch
 21916 | D:12     | Noticed Nergalle
 21930 | D:12     | Killed Nergalle
 22028 | D:13     | Found Toar's Distillery.
 22037 | D:13     | Bought a potion of ambrosia for 136 gold pieces
 22037 | D:13     | Bought a potion of might for 68 gold pieces
 22037 | D:13     | Bought a potion of heal wounds for 85 gold pieces
 22037 | D:13     | Bought a potion of resistance for 170 gold pieces
 22113 | D:13     | Found Lopupeti's Jewellery Emporium.
 22193 | D:13     | Found a frozen archway.
 22219 | IceCv    | Entered an ice cave
 22285 | IceCv    | Reached skill level 1 in Spellcasting
 22583 | IceCv    | Reached skill level 1 in Hexes
 22687 | IceCv    | Found the +2 ratskin cloak {*Rats rPois rN+ Str-1 Int-1
                  | Dex+1}
 22700 | IceCv    | Got a crude leather armour
 22883 | D:13     | Identified the +1 leather armour of Usoc {rElec Str+3
                  | Int-5} (You found it in an ice cave)
 23018 | D:13     | Found Weos's Assorted Antiques.
 23041 | D:13     | Bought a pair of fading boots for 285 gold pieces
 23041 | D:13     | Bought a tourmaline ring for 150 gold pieces
 23041 | D:13     | Bought a scroll of identify for 60 gold pieces
 23041 | D:13     | Bought a potion of might for 120 gold pieces
 23160 | D:13     | Found a gate to the Vaults.
 23236 | D:13     | Found Isiumim's Weapon Shop.
 23395 | D:13     | Found Akoj's Book Shop.
 23894 | D:13     | Got a scorched rapier
 24252 | D:14     | Found a shadowy altar of Dithmenos.
 24678 | D:14     | Received a gift from Okawaru
 24921 | Lair:1   | Identified the +1 rapier "Orb Guardian's Bane" {vorpal,
                  | Dex+4 SInv} (You found it on level 13 of the Dungeon)
 24924 | Lair:1   | Identified the +0 pair of boots of Decompression {+Fly
                  | rCorr Str+2 SInv} (You bought it in a shop on level 13 of
                  | the Dungeon)
 25013 | D:15     | Entered Level 15 of the Dungeon
 25083 | D:15     | Reached XP level 16. HP: 147/147 MP: 16/18
 25272 | D:15     | Noticed Roxanne
 25425 | D:15     | Reached skill level 15 in Fighting
 25532 | D:15     | Found a staircase to the Depths.
 25819 | D:15     | Found a runed translucent door.
 25819 | D:15     | Noticed Borgoz's ghost (journeyman GrFi)
 25819 | D:15     | Identified the cursed +1 trident "Hefituw" {flame, rF+}
 25819 | D:15     | Identified the ring of Reirurro {MP+9 Int+7 SInv}
 25982 | D:15     | Killed Roxanne
 26232 | D:15     | Noticed Jorgrun
 26293 | D:15     | Killed Jorgrun
 27059 | D:15     | Killed Borgoz's ghost
 27381 | Orc:1    | Entered Level 1 of the Orcish Mines
 27480 | Orc:1    | Noticed Urug
 27515 | Orc:1    | Killed Urug
 27823 | Orc:2    | Entered Level 2 of the Orcish Mines
 27823 | Orc:2    | Found Onaesmif's Antique Armour Shoppe.
 27840 | Orc:1    | Received a gift from Okawaru
 27865 | Orc:1    | Slain by an orc warlord

Illustrated notes

Levels and vault maps discovered:
D:1:      matt_arrival_diagonals, layout_basic
D:2:      layout_loops_corners, lemuel_crystal_altar, yredelemnul_altar_generic,
          lemuel_doored_altar
D:3:      minmay_razor_zed, layout_basic, elyvilon_altar_1,
          chequers_serial_rivers_small_b, uniq_grinder
D:4:      minmay_polygon_palace, layout_basic, old_standard_altar,
          vehumet_altar_wand_db, chequers_temple_overflow_minitemple,
          nrook_mini_backslash
D:5:      layout_layer_cave, minmay_temple_entry_nine_rooms
D:6:      layout_basic, overflow_temple_1_default, serial_shops,
          nicolae_shop_overgrown_old_shop
D:7:      layout_gridville, basic_altar
D:8:      layout_loops_ring, kennysheep_little_box, dancing_weapons_uskayaw,
          uniq_pikel
D:9:      layout_long_grid, basic_altar, minmay_guarded_unrand_variability
D:10:     minmay_four_partial_circles, layout_gridville, serial_shops, shop,
          grunt_ministairs_14
D:11:     layout_layer_cave, grunt_lair_entry_orc_guard_hut,
          gauntlet_entry_generic, minivault_4
D:12:     layout_roguey, david_orc_2, enter_bailey_2, grunt_decor_fettered,
          onia_ninara_cookie, uniq_nergalle
D:13:     layout_loops_corners, david_vaults_1, serial_ice, serial_ice_j,
          serial_ice_b, serial_ice_a, serial_ice_c,
          portal_ice_cave_demonic_guard, serial_shops, shop,
          nicolae_shop_waterfront, shop, nicolae_shop_waterfront, shop,
          kennysheep_doodads, minmay_misc_feat_tiny
D:14:     layout_roguey, grunt_dithmenos_smoke_and_mirrors, st_stairs_5
D:15:     gammafunk_depths_entry_grave, layout_loops_ring,
          roderic_roman_lattice, ebering_ghost_funeral_grove, uniq_roxanne,
          uniq_jorgrun
Temple:   compressed_dpeg_circular_temple
Lair:1:   layout_chaotic_city, amcnicky_altar_lugonu_corruption
Lair:2:   layout_roguey, guppyfry_lair_drakes, grunt_megastairs_5
Lair:3:   layout_cave_pods, swamp_mist
Lair:4:   layout_cave_pods, spider_nest_entry_rubble, wad_woods_01
Lair:5:   layout_cave_pods, nicolae_quartered_pool_medium
Lair:6:   wormcave, layout_gridlike, guppyfry_lair_end_dragon, slime_altar_2,
          grunt_megastairs_4, minmay_lair_oklob_chamber, uniq_nessos, uniq_sonja
Orc:1:    layout_diamond_mine, sword_in_stone
Orc:2:    grunt_orc_gardens, layout_diamond_mine, grunt_orc_garden,
          grunt_orc_garden, grunt_orc_garden, grunt_orc_garden, serial_shops,
          shop, nicolae_shop_stone, nicolae_shop_crystal, shop_fountains,
          minmay_orc_temple_a, uniq_urug

Skill      XL: |  1  2  3  4  5  6  7  8  9 10 11 12 13 14 15 16 |
---------------+-------------------------------------------------+-----
Dodging        | 3 4 5 6 7 8 9 10 11 12 13 | 13.4
Maces & Flails | 3 4 5 6 7 8 9 10 11 12 13 | 13.3
Fighting       | 3 4 5 6 7 9 10 11 12 14 15 | 15.3
Armour         | 1 2 3 4 5 6 7 8 9 |  9.9
Invocations    | 1 3 4 5 |  5.0
Shields        | 2 4 5 |  5.0
Evocations     | 3 4 5 |  5.0
Spellcasting   | 2 3 |  3.2
Hexes          | 2 3 |  3.0
Throwing       | |  1.7

Action                   |  1- 3 |  4- 6 |  7- 9 | 10-12 | 13-15 | 16-18 || total
-------------------------+-------+-------+-------+-------+-------+-------++-------
Melee: Flail             |   119 |   146 |   341 |  1039 |  2259 |   607 ||  4511
Throw: Throwing net      |       |       |       |     4 |       |       ||     4
Invok: Heroism           |       |       |     1 |     3 |    13 |     1 ||    18
Evoke: Wand              |       |       |       |       |    20 |     1 ||    21
  Use: Scroll            |     9 |     3 |     9 |    11 |    17 |     1 ||    50
       Potion            |       |     5 |     1 |     9 |       |     8 ||    23
 Stab: Held in net/web   |       |       |       |     6 |       |       ||     6
       Invisible         |       |       |       |    18 |       |       ||    18
Armor: Leather armour    |    47 |    80 |    58 |       |       |       ||   185
       Ring mail         |       |       |    34 |       |       |       ||    34
       Scale mail        |       |       |    11 |   553 |  1078 |   167 ||  1809
Dodge: Dodged            |   118 |   159 |   233 |   883 |  2383 |   549 ||  4325
Block: Buckler           |       |       |     3 |   307 |   829 |   152 ||  1291
